 Dungeon Crawl Stone Soup version 0.29.1-1-gd02db6906a (webtiles) character file.

Game seed: 7172419275548357639

163 lonewolfV2 the Chopper (level 5, -3/42 HPs)
             Began as a Demonspawn Berserker on Oct 15, 2022.
             Was a Believer of Trog.
             Splashed by a jelly's acid (10 damage)
             ... on level 3 of the Dungeon.
             The game lasted 00:04:02 (3176 turns).

lonewolfV2 the Chopper (Demonspawn Berserker)       Turns: 3176, Time: 00:04:03

Health: -3/42      AC: -5    Str: 19    XL:     5   Next: 20%
Magic:  5/5        EV: 10    Int:  9    God:    Trog [**....]
Gold:   140        SH:  0    Dex: 12    Spells: 4/4 levels left

rFire   + + .      SeeInvis .   a - +0 hand axe
rCold   x . .      Faith    .   (no shield)
rNeg    . . .      Spirit   .   i - +0 fire dragon scales
rPois   .          Reflect  .   (no helmet)
rElec   .          Harm     .   (no cloak)
rCorr   .          Rampage  .   (no gloves)
Will    ++...                   (no boots)
Stlth   ..........              (no amulet)
HPRegen 1.14/turn               (no ring)
MPRegen 0.09/turn               (no ring)

@: strong-willed, corroded, regenerating
A: yellow scales 1, demonic magic 2
a: Renounce Religion, Berserk, Trog's Hand


You were on level 3 of the Dungeon.
You worshipped Trog.
Trog was pleased with you.
You visited 1 branch of the dungeon, and saw 3 of its levels.

You collected 140 gold pieces.

Inventory:

Hand Weapons
 a - a +0 hand axe (weapon)
Armour
 i - +0 fire dragon scales (worn)
Scrolls
 d - 2 scrolls of identify
 g - 2 scrolls of teleportation
Potions
 b - 2 potions of invisibility {unknown}
 c - 2 potions of curing
 e - a potion of haste {unknown}
 f - a potion of degeneration {unknown}
 h - 2 potions of might {unknown}
 j - a potion of flight {unknown}


   Skills:
 + Level 3.8 Fighting
 + Level 4.1 Axes
 + Level 2.4 Armour
 + Level 2.5 Dodging
 + Level 0.5 Stealth


You had 4 spell levels left.
You didn't know any spells.
Your spell library was empty.

Dungeon Overview and Level Annotations

Branches:
Dungeon (3/15)

Altars:
Xom

Shops:
D:1 :


Innate Abilities, Weirdness & Mutations

You are partially covered in yellow scales. (AC +2)
Spells you cast may paralyse nearby enemies.


Message History

You hit the jelly.
Your hands burn!
You punch the jelly.
The jelly is heavily wounded.
The jelly hits you but does no damage.
You hit the jelly.
Your hands burn!
The jelly is severely wounded.
The jelly hits you but does no damage. x2
You slash the jelly!
You kill the jelly!
Trog accepts your kill.
The jelly jiggles.
You have reached level 5!
Your demonic ancestry asserts itself...
Yellow scales grow over part of your body.
As you open the door, it creaks loudly!
You hit the jelly. The acid corrodes you!
Your hands burn!
The jelly is moderately wounded.
The jelly hits you but does no damage.
You hit the jelly but do no damage. The acid corrodes you!
Your hands burn!
The jelly is moderately wounded.
The jelly barely misses you.
You hit the jelly but do no damage. The acid corrodes you!
Your hands burn!
The jelly is moderately wounded.
The jelly hits you.
You are splashed with acid!
You hit the jelly but do no damage.
Your hands burn!
The jelly is moderately wounded.
The jelly barely misses you.
You hit the jelly but do no damage.
Your hands burn!
* * * LOW HITPOINT WARNING * * *
The jelly is moderately wounded.
The jelly hits you.
* * * LOW HITPOINT WARNING * * *
You are splashed with acid!
* * * LOW HITPOINT WARNING * * *
You feel better. The jelly closely misses you.
Your skin crawls.
You feel strong-willed. The jelly hits you.
* * * LOW HITPOINT WARNING * * *
The acid corrodes you!
You are splashed with acid!
You die...

<.).# #..#..## #.#
#....# )##.#
#..##..######.# ######
.##)# ##..###.)......#
.##†###...#######..###
.##.)##..#######...#
.###†)...##..+.'...#
.# ###.#.#...###...#
.# #..#<#...###...# .#
#.##.#._.+.J@..#
.####.##.#...###...#
.##...##.#...###....#
..#...##†##..+ +......
#.....##.#####
#...##.# ......#..# ##
##### .#
.....##.####### #
..#...)........
..#..##.#######


You could see a jelly.

Vanquished Creatures
  A jelly (D:3)
  Jessica (D:3)
  Robin (D:3)
  3 adders
  2 orcs (D:3)
  5 ball pythons
  7 endoplasms
  2 giant cockroaches (D:2)
  11 goblins
  12 hobgoblins
  5 kobolds
  2 bats (D:1)
  5 frilled lizards
  7 rats
64 creatures vanquished.

Notes
Turn   | Place    | Note
-------+----------+-------------------------------------------
     0 | D:1      | lonewolfV2 the Demonspawn Berserker began the quest for the
                  | Orb.
     0 | D:1      | Reached XP level 1. HP: 18/18 MP: 1/1
   314 | D:1      | Found Tetiona's Book Boutique.
   471 | D:1      | Gained mutation: Spells you cast may paralyse adjacent
                  | enemies. [demonic ancestry]
   471 | D:1      | Reached XP level 2. HP: 19/24 MP: 2/2
   481 | D:1      | Reached skill level 3 in Axes
  1430 | D:2      | Reached XP level 3. HP: 27/29 MP: 3/3
  1673 | D:2      | HP: 1/29 [poisoned by an adder]
  2169 | D:2      | Reached ** piety under Trog
  2505 | D:3      | Found a faded altar of an unknown god.
  2562 | D:3      | Gained mutation: Spells you cast may paralyse nearby
                  | enemies. [demonic ancestry]
  2562 | D:3      | Reached XP level 4. HP: 13/36 MP: 4/4
  2735 | D:3      | Noticed Jessica
  2744 | D:3      | Noticed Robin
  2756 | D:3      | Killed Jessica
  2760 | D:3      | Killed Robin
  2788 | D:3      | Found a shimmering altar of Xom.
  2803 | D:3      | Reached skill level 4 in Axes
  3166 | D:3      | Gained mutation: You are partially covered in yellow
                  | scales. (AC +2) [demonic ancestry]
  3166 | D:3      | Reached XP level 5. HP: 38/42 MP: 5/5
  3174 | D:3      | HP: 2/42 [acid (8)]
  3176 | D:3      | Splashed by a jelly's acid

Illustrated notes

Levels and vault maps discovered:
D:1:      dpeg_arrival_more_subterranean_lakeside_camping, layout_loops_corners,
          serial_shops, shop_fountains, grunt_decor_clamped, bh_walls_and_bars
D:2:      layout_basic, kennysheep_generic_room_13
D:3:      layout_rooms, dk_xom_monty_hall,
          shapermc_ecumenical_altar_totnotflames, uniq_robin, uniq_jessica

Skill      XL: |  1  2  3  4 |
---------------+-------------+-----
Axes           | 3 4 |  4.1
Dodging        | 2 |  2.5
Armour         | 2 |  2.4
Fighting       | |  3.8
Stealth        | |  0.5

Action                   |  1- 3 |  4- 6 || total
-------------------------+-------+-------++-------
Melee: Hand axe          |   124 |    51 ||   175
       Punch             |     1 |     1 ||     2
Invok: Trog's Hand       |       |     2 ||     2
  Use: Scroll            |     3 |       ||     3
       Potion            |       |     1 ||     1
Armor: Animal skin       |    16 |       ||    16
       Fire dragon scale |    14 |    26 ||    40
Dodge: Dodged            |    94 |    27 ||   121
